 Dungeon Crawl Stone Soup version 0.28-a0-533-g9f97627e2a (webtiles) character file.

Game seed: 8788831608338066138

19217 speeev33 the Bludgeoner (level 12, -4/80 HPs)
             Began as a Gargoyle Fighter on Sept 26, 2021.
             Was a High Priest of Okawaru.
             Slain by a dire elephant simulacrum (15 damage)
             ... in an ice cave.
             The game lasted 00:20:49 (11997 turns).

speeev33 the Bludgeoner (Gargoyle Fighter)         Turns: 11997, Time: 00:20:49

Health: -4/80      AC: 30    Str: 30    XL:     12   Next: 66%
Magic:  16/16      EV: 10    Int: 10    God:    Okawaru [*****.]
Gold:   746        SH: 13    Dex:  9    Spells: 11/11 levels left

rFire   . . .      SeeInvis .   k - +2 eveningstar (drain)
rCold   + + +      Faith    .   K - +1 kite shield {rC+}
rNeg    + . .      Spirit   .   A - +2 chain mail {rC+}
rPois   ∞          Reflect  .   (no helmet)
rElec   +          Harm     .   r - +0 cloak
rCorr   .          Rampage  .   (no gloves)
Will    .....                   C - +2 pair of boots {Fly}
Stlth   ..........              a - amulet of regeneration
HPRegen 1.23/turn               H - ring of protection from cold
MPRegen 0.15/turn               y - +6 ring of strength

@: heroic, flying, studying Shields
A: sickness immunity, AC +8, negative energy resistance 1, electricity
resistance, torment resistance 1, petrification resistance
a: Renounce Religion, Heroism, Finesse, Duel


You were in an ice cave.
You worshipped Okawaru.
Okawaru was extremely pleased with you.
You visited 3 branches of the dungeon, and saw 14 of its levels.
You also visited: Ice Cave.

You collected 896 gold pieces.
You spent 150 gold pieces at shops.

Inventory:

Hand Weapons
 k - a +2 eveningstar of draining (weapon)
Missiles
 b - 4 throwing nets (quivered)
Armour
 r - a +0 cloak (worn)
 x - a +0 plate armour
 A - a +2 chain mail of cold resistance (worn)
 C - a +2 pair of boots of flying (worn)
 K - a +1 kite shield of cold resistance (worn)
Jewellery
 a - an amulet of regeneration (around neck)
 l - an amulet of faith
 s - a ring of see invisible
 y - a +6 ring of strength (right hand)
 D - a ring of willpower
 H - a ring of protection from cold (left hand)
 I - a ring of flight
Wands
 c - a wand of acid (8)
 f - a wand of mindburst (8)
 m - a wand of polymorph (7)
 o - a wand of iceblast (13)
 t - a wand of flame (50)
 E - a wand of paralysis (5)
Scrolls
 v - a scroll of magic mapping
 w - a scroll of silence
 z - 2 scrolls of amnesia
 B - a scroll of enchant weapon
 J - a scroll of identify
Potions
 d - a potion of invisibility
 e - a potion of curing
 g - 2 potions of mutation
 j - 4 potions of berserk rage
 n - a potion of lignification
 p - 2 potions of magic
 q - a potion of attraction
 u - 2 potions of brilliance
 G - a potion of heal wounds {unknown}


   Skills:
 + Level 11.5(16.5) Fighting
 - Level 16.0(21.0) Maces & Flails
 + Level 11.5(16.5) Armour
 * Level 8.8(13.8) Shields
 + Level 6.5 Invocations


You had 11 spell levels left.
You didn't know any spells.
Your spell library contained the following spells:

 Spells                   Type           Power      Damage    Failure   Level
 Blink                    Tloc           N/A        N/A       90%         2
 Ensorcelled Hibernation  Hex/Ice        0%         N/A       90%         2
 Static Discharge         Conj/Air       0%         N/A       90%         2
 Wereblood                Tmut           0%         N/A       90%         2
 Lesser Beckoning         Tloc           0%         N/A       99%         3
 Spider Form              Tmut/Pois      0%         N/A       99%         3
 Airstrike                Air            0%         N/A       100%        4
 Alistair's Intoxication  Tmut/Pois      0%         N/A       100%        5
 Borgnjor's Vile Clutch   Necr/Erth      0%         N/A       100%        5
 Lightning Bolt           Conj/Air       0%         1d11      100%        5
 Manifold Assault         Tloc           0%         N/A       100%        5
 Eringya's Noxious Bog    Tmut/Pois      0%         N/A       100%        6
 Maxwell's Capacitive Co  Air            0%         ∞         100%        8
 Sublimation of Blood     Necr           Unusable   N/A       N/A         2
 Summon Lightning Spire   Summ/Air       Unusable   N/A       N/A         4
 Summon Hydra             Summ           Unusable   N/A       N/A         7

Dungeon Overview and Level Annotations

Branches:
Dungeon (10/15)            Temple (1/1) D:5            Lair (3/6) D:9
  Swamp (0/4) Lair:2       Spider (0/4) Lair:3        IceCv (1/1)
    Orc: D:9-12

Altars:
Ashenzari
Cheibriados
Dithmenos
Elyvilon
Fedhas
Gozag
Hepliaklqana
Kikubaaqudgha
Makhleb
Nemelex Xobeh
Okawaru
Qazlal
Ru
Sif Muna
Trog
Uskayaw
Vehumet
Wu Jian
Xom
Yredelemnul
Zin
The Shining One

Shops:
D:1 !   D:9 (:[?

Annotations:
D:5 2 transporters, SkeletonJelly's ghost, novice DgTm IceCv exclusion: 2 ice statues


Innate Abilities, Weirdness & Mutations

You are immune to sickness and miasma.
Your stone body is resilient. (AC +8)
You are immune to poison.
You resist negative energy. (rN+)
You are resistant to electric shocks. (rElec)
You are resistant to unholy torment.
You are immune to petrification.


Message History

The harpy simulacrum barely misses you.
The harpy simulacrum closely misses you.
The ice beast hits you but does no damage.
You sock the ice beast!
You kill the ice beast!
The ice beast disappears in a puff of smoke!
You block the harpy simulacrum's attack.
The harpy simulacrum claws you. The harpy simulacrum freezes you. You resist.
* * * LOW HITPOINT WARNING * * *
The harpy simulacrum claws you but does no damage.
The harpy simulacrum claws you.
* * * LOW HITPOINT WARNING * * *
The harpy simulacrum freezes you. You resist.
* * * LOW HITPOINT WARNING * * *
The dire elephant simulacrum closely misses you.
You block the dire elephant simulacrum's attack.
You puncture the dire elephant simulacrum!
The dire elephant simulacrum is moderately damaged.
The harpy simulacrum closely misses you.
You block the harpy simulacrum's attack.
The harpy simulacrum claws you but does no damage. x2
The dire elephant simulacrum tramples you!
* * * LOW HITPOINT WARNING * * *
You are shoved backwards!
You feel better.
You block the harpy simulacrum's attack. x2
You hit the dire elephant simulacrum.
The dire elephant simulacrum is heavily damaged.
The harpy simulacrum claws you but does no damage. x2
The dire elephant simulacrum tramples you.
* * * LOW HITPOINT WARNING * * *
You are shoved backwards!
You impale the dire elephant simulacrum!!
The dire elephant simulacrum is almost destroyed.
The harpy simulacrum claws you but does no damage.
You block the harpy simulacrum's attack.
The harpy simulacrum claws you but does no damage.
You block the harpy simulacrum's attack.
The dire elephant simulacrum tramples you!
You die...

#########
#)[.Z§§[#
#(.@Z§.§#
#?...§.[#
#..†....#
#.......#
##.....##
##...##
##8##
##YYY##
##..YZ.##


You could see an ice statue, 2 ice beasts, a dire elephant simulacrum and a
harpy simulacrum.

Vanquished Creatures
  Harold (D:7)
  A hydra (Lair:1)
  2 two-headed ogres
  Nergalle (D:10)
  An ugly thing (IceCv)
  5 elephants
  An ice statue (IceCv)
  3 cane toads
  6 komodo dragons
  A freezing wraith (IceCv)
  2 ice devils (Lair:3)
  2 jumping spiders (Lair:3)
  A polar bear (Lair:2)
  3 tyrant leeches (Lair:2)
  Grinder (D:5)
  4 blink frogs (Lair:2)
  Sigmund (D:5)
  2 basilisks (D:9)
  A vampire (D:10)
  3 wyverns
  4 yaks (Lair:2)
  2 death yak simulacra (IceCv)
  10 water moccasins
  3 hornet zombies
  3 black bears
  4 orc warriors
  6 necrophages
  A sky beast (D:7)
  6 wolves
  2 ogres (D:6)
  2 centaurs
  A phantom (D:5)
  9 bullfrogs
  4 kobold brigands
  3 gnoll sergeants
  3 scorpions
  A water moccasin skeleton (D:3)
  4 killer bees (D:9)
  13 wights
  2 vampire bats (Lair:1)
  3 howler monkeys
  3 centaur zombies
  A human zombie (D:7)
  2 hounds
  Crazy Yiuf (D:5)
  6 orc priests
  A centaur skeleton (D:3)
  A jelly (D:6)
  2 gnoll shamans
  3 iguanas
  6 orc wizards
  2 wolf simulacra (IceCv)
  5 killer bee zombies
  3 howler monkey zombies
  21 gnolls
  A howler monkey skeleton (D:6)
  4 adders
  2 shadow imps
  A white imp (D:7)
  An ufetubus (D:6)
  An adder zombie (D:5)
  3 worms
  A dart slug (D:2)
  28 orcs
  8 ball pythons
  6 endoplasms
  4 goblins
  5 hobgoblins
  28 kobolds
  4 quokkas
  11 bats
  A frilled lizard (D:1)
  5 rats
299 creatures vanquished.

Vanquished Creatures (others)
  9 fungi
  4 plants
13 creatures vanquished.

Grand Total: 312 creatures vanquished

Notes
Turn   | Place    | Note
-------+----------+-------------------------------------------
     0 | D:1      | speeev33 the Gargoyle Fighter began the quest for the Orb.
     0 | D:1      | Reached XP level 1. HP: 14/14 MP: 1/1
   137 | D:1      | Found a faded altar of an unknown god.
   156 | D:1      | Found Goucy's Distillery.
   168 | D:1      | Reached XP level 2. HP: 19/19 MP: 2/2
  1121 | D:2      | Reached XP level 3. HP: 24/24 MP: 3/3
  1814 | D:3      | Reached XP level 4. HP: 27/29 MP: 4/4
  2172 | D:3      | Reached skill level 3 in Maces & Flails
  2172 | D:3      | Reached XP level 5. HP: 21/33 MP: 5/5
  3047 | D:4      | Identified 2 scrolls of acquirement
  3047 | D:4      | Acquired a manual of Maces & Flails
  3049 | D:4      | Acquired a +2 eveningstar of draining
  3809 | D:5      | Entered Level 5 of the Dungeon
  3822 | D:5      | Found a staircase to the Ecumenical Temple.
  3831 | D:5      | Reached XP level 6. HP: 40/40 MP: 6/6
  3837 | Temple   | Entered the Ecumenical Temple
  4074 | D:5      | Reached skill level 4 in Maces & Flails
  4177 | D:5      | Found an iron altar of Okawaru.
  4177 | D:5      | Found a hazy altar of Hepliaklqana.
  4188 | D:5      | Noticed Sigmund
  4203 | D:5      | Reached skill level 5 in Fighting
  4210 | D:5      | Killed Sigmund
  4211 | D:5      | Reached skill level 5 in Maces & Flails
  4211 | D:5      | Reached skill level 5 in Armour
  4211 | D:5      | Reached XP level 7. HP: 37/44 MP: 5/7
  4243 | D:5      | Became a worshipper of Warmaster Okawaru
  4286 | D:5      | Reached skill level 6 in Maces & Flails
  4617 | D:5      | Found a transporter.
  4618 | D:5      | Noticed SkeletonJelly's ghost (novice DgTm)
  4636 | D:5      | Found a transporter.
  4702 | D:5      | Found a hide-covered altar of Uskayaw.
  4752 | D:5      | Reached skill level 7 in Maces & Flails
  4752 | D:5      | Noticed Grinder
  4760 | D:5      | Killed Grinder
  4760 | D:5      | Reached * piety under Okawaru
  4761 | D:5      | Reached XP level 8. HP: 44/51 MP: 5/8
  5119 | D:5      | Found a runed translucent door.
  5120 | D:5      | Noticed Crazy Yiuf
  5125 | D:5      | Killed Crazy Yiuf
  5126 | D:5      | Reached skill level 8 in Maces & Flails
  5615 | D:6      | Reached skill level 9 in Maces & Flails
  6169 | D:7      | Reached ** piety under Okawaru
  6178 | D:7      | Reached skill level 10 in Maces & Flails
  6239 | D:7      | Reached XP level 9. HP: 57/57 MP: 9/9
  6261 | D:7      | Found a sparkling altar of Nemelex Xobeh.
  6355 | D:7      | Reached skill level 11 in Maces & Flails
  6699 | D:7      | Reached *** piety under Okawaru
  6781 | D:7      | Noticed Harold
  6827 | D:7      | Reached skill level 12 in Maces & Flails
  6923 | D:7      | Killed Harold
  6923 | D:7      | Reached **** piety under Okawaru
  6924 | D:7      | Reached skill level 13 in Maces & Flails
  6924 | D:7      | Reached XP level 10. HP: 65/65 MP: 7/10
  7130 | D:7      | Found an ancient bone altar of Kikubaaqudgha.
  7233 | D:7      | Found an ornate altar of the Wu Jian Council.
  7562 | D:8      | Reached skill level 14 in Maces & Flails
  7709 | D:8      | Found an opulent altar of Gozag.
  7739 | D:8      | Noticed a two-headed ogre
  7745 | D:8      | Killed a two-headed ogre
  7765 | D:8      | Acquired a manual of Shields
  8305 | D:9      | Reached skill level 1 in Invocations
  8336 | D:9      | Found Doshrar's Book Emporium.
  8365 | D:9      | Found Pieggu Utaps's Weapon Boutique.
  8423 | D:9      | Noticed an elephant
  8428 | D:9      | Reached ***** piety under Okawaru
  8435 | D:9      | Killed an elephant
  8436 | D:9      | Reached XP level 11. HP: 65/72 MP: 10/12
  8450 | D:9      | Found a staircase to the Lair.
  8489 | D:9      | Found Wesym's Magic Scroll Shoppe.
  8516 | D:9      | Reached skill level 15 in Maces & Flails
  8558 | D:9      | Found a snail-covered altar of Cheibriados.
  8590 | D:9      | Found Biyneug's Antique Armour Shop.
  8999 | D:10     | Entered Level 10 of the Dungeon
  9107 | D:9      | Bought a pair of glowing boots for 150 gold pieces
  9343 | D:10     | Identified the +8 short sword of Zarpheahe {elec, rC+}
  9411 | D:10     | Noticed a two-headed ogre
  9426 | D:10     | Killed a two-headed ogre
  9426 | D:10     | Received a gift from Okawaru
  9427 | D:10     | Reached skill level 10 in Fighting
  9434 | D:10     | Noticed Nergalle
  9445 | D:10     | Killed Nergalle
  9446 | D:10     | Reached skill level 10 in Armour
  9914 | Lair:1   | Entered Level 1 of the Lair of Beasts
  9997 | Lair:1   | You are sucked into a shaft and drop 1 floor!
 10089 | Lair:1   | Noticed a four-headed hydra
 10106 | Lair:1   | Killed a four-headed hydra
 10769 | Lair:2   | Reached skill level 5 in Invocations
 10769 | Lair:2   | Reached XP level 12. HP: 79/79 MP: 15/15
 10815 | Lair:2   | Found a staircase to the Swamp.
 10822 | Lair:2   | Reached skill level 16 in Maces & Flails
 10831 | Lair:2   | Identified the +2 pair of boots of Absence {rElec rN+ Will-
                  | Int+2} (Okawaru gifted it to you on level 2 of the Lair of
                  | Beasts)
 10831 | Lair:2   | Received a gift from Okawaru
 11114 | Lair:2   | Reached skill level 5 in Shields
 11603 | Lair:3   | Noticed a death yak
 11726 | Lair:3   | Found a hole to the Spider Nest.
 11806 | Lair:3   | Identified the +8 long sword "Beastslayer" {vorpal, Will+++
                  | rCorr Int-4}
 11815 | Lair:3   | Found a frozen archway.
 11838 | IceCv    | Entered an ice cave
 11997 | IceCv    | Slain by a dire elephant simulacrum

Illustrated notes

Levels and vault maps discovered:
D:1:      elethiomel_arrival_fortress_basement, layout_loops_ring, serial_shops,
          nicolae_shop_behind_doors, hellmonk_ecumenical_altar_inner_sanctum,
          minmay_misc_feat_diagonals, serial_bayou_pond_a
D:2:      wander_river, layout_loops_ring
D:3:      layout_loops_ring, corexii_hall_statues_l
D:4:      layout_basic
D:5:      layout_loops_ring, mainiacjoe_overflow_boulevard,
          chequers_temple_overflow_statue_of_worship, minmay_temple_entry_waves,
          gammafunk_ghost_stat_death, minmay_holes, hangedman_decor_lopped,
          uniq_sigmund, uniq_grinder, uniq_crazy_yiuf_cottage
D:6:      layout_cave_pods, minmay_misc_feat_x, grunt_ministairs_14
D:7:      layout_basic, nicolae_wu_jian_immortal_techniques,
          lemuel_mausoleum_altar_kikubaaqudgha, nemelex_spade_bored_becter,
          uniq_harold
D:8:      layout_cave_pods, mainiacjoe_overflow_small_starburst, serial_undead,
          serial_undead_b, serial_undead_c, serial_undead_c, serial_undead_a
D:9:      layout_roguey, lemuel_doored_altar, david_lair_generic, serial_shops,
          kennysheep_mini, nicolae_take_the_stairs, shop, nicolae_shop_stone
D:10:     layout_gridville, hangedman_abyss_or_decor_lesser_grid,
          chequers_serial_rivers_room_a, uniq_nergalle
Temple:   dpeg_chambers_temple
Lair:1:   layout_loops_ring, roderic_batcave, beast_lair_carwin_3
Lair:2:   layout_concentric_octagons, minmay_swamp_entry_worms,
          infiniplex_staircase_pool_2, grunt_megastairs_1
Lair:3:   layout_loops_ring, spider_nest_entry_a, portal_ice_cave_demonic_guard,
          hangedman_tree_tricks, lemuel_fruit_fields
IceCv:    ice_cave_statue_garden_chambered

Skill      XL: |  1  2  3  4  5  6  7  8  9 10 11 12 |
---------------+-------------------------------------+-----
Fighting       | 4 5 6 7 8 9 10 11 | 11.5
Armour         | 4 5 6 7 8 9 10 11 | 11.5
Shields        | 4 8 |  8.8
Maces & Flails | 3 5 7 10 13 14 15 16 | 16.0
Invocations    | 1 5 6 |  6.5

Action                   |  1- 3 |  4- 6 |  7- 9 | 10-12 || total
-------------------------+-------+-------+-------+-------++-------
Melee: Flail             |    84 |    52 |       |       ||   136
       Eveningstar       |       |    40 |   251 |   609 ||   900
Invok: Heroism           |       |       |     1 |     3 ||     4
Evoke: Wand              |       |       |     3 |     8 ||    11
  Use: Scroll            |     4 |     5 |     5 |    10 ||    24
       Potion            |       |     1 |     2 |     7 ||    10
Armor: Scale mail        |    27 |    55 |    62 |       ||   144
       Chain mail        |       |       |    74 |   390 ||   464
       Plate armour      |       |       |       |    54 ||    54
Dodge: Dodged            |    40 |    40 |    90 |   234 ||   404
Block: Buckler           |    15 |    16 |    38 |    76 ||   145
       Kite shield       |       |       |       |   119 ||   119

Table legend: (Time is in decaauts)
 A = Elapsed time spent in this place.
 B = Non-inter-level travel time spent in this place.
 C = Inter-level travel time spent in this place.
 D = Time resting spent in this place.
 E = Time spent auto-exploring this place.
 F = Levels seen in this place.
 G = Mean time per level.
                   A        B        C        D        E       F      G
               +--------+--------+--------+--------+--------+-----+--------+
         Total |  11955 |  11381 |    574 |   1201 |   7406 |  15 |  797.0 |
       Dungeon |   9702 |   9251 |    451 |   1048 |   6125 |  10 |  970.2 |
        Temple |    226 |    204 |     22 |      0 |    191 |   1 |  226.0 |
          Lair |   1877 |   1776 |    101 |    110 |   1090 |   3 |  625.7 |
      Ice Cave |    149 |    149 |      0 |     43 |      0 |   1 |  149.0 |
               +--------+--------+--------+--------+--------+-----+--------+

Top non-repeatable levels by time:
     D:5: 1188 daAuts
     D:7: 1186 daAuts
     D:4: 1147 daAuts
     D:1: 1000 daAuts
  Lair:2: 993 daAuts
     D:6: 926 daAuts
     D:9: 898 daAuts
     D:3: 874 daAuts
     D:2: 861 daAuts
    D:10: 826 daAuts
     D:8: 792 daAuts
  Lair:1: 751 daAuts
  Temple: 226 daAuts
   IceCv: 149 daAuts
  Lair:3: 132 daAuts
